 Dungeon Crawl Stone Soup version 0.32-a0-818-gb728d0252e (webtiles) character file.

Game seed: 1624553980823714190

227 Xavori the Trooper (level 6, -9/47 HPs)
             Began as a Djinni Chaos Knight on Mar 24, 2024.
             Was a Plaything of Xom.
             Killed by divine providence
             ... invoked by an orc priest
              (13 damage)
             ... on level 4 of the Dungeon.
             The game lasted 00:02:36 (3562 turns).

Xavori the Trooper (Djinni Chaos Knight)            Turns: 3562, Time: 00:02:36

Health: -9/47      AC:  9    Str: 11    XL:     6   Next: 22%
Gold:   122        EV: 11    Int: 13    God:    Xom [.*....] SH:  0 Dex: 15

rFire   + + .        a - +0 falchion (chaos)
rCold   x . .        (no shield)
rNeg    . . .        b - +2 leather armour
rPois   ∞            (no helmet)
rElec   .            (no cloak)
rCorr   .            (no gloves)
SInv    +            (boots unavailable)
Will    .....        (no amulet)
Stlth   ++           o - ring of see invisible
HPRegen 0.27/turn    (no ring)
MPRegen 0.00/turn

%: infuse magic (-10 HP)
@: flying
A: sickness immunity, fire resistance 2, cold vulnerability 1, float, innate
caster, HP casting, extra vitality 1, iridescent scales 2, camouflage 1
a: Renounce Religion


You were on level 4 of the Dungeon.
You worshipped Xom.
You were a plaything of Xom.
You visited 1 branch of the dungeon, and saw 4 of its levels.

You collected 161 gold pieces.
You spent 39 gold pieces at shops.

Inventory:

Hand Weapons
 a - a +0 falchion of chaos (weapon)
Armour
 b - a +2 leather armour (worn)
Jewellery
 o - a ring of see invisible (left hand)
Scrolls
 c - a scroll of butterflies
 d - 3 scrolls of revelation {unknown}
 e - a scroll of fog {unknown}
 g - a scroll of brand weapon {unknown}
 h - a scroll of enchant weapon {unknown}
 j - 2 scrolls of immolation {unknown}
 k - a scroll of noise {unknown}
 l - 3 scrolls of teleportation {unknown}
 m - a scroll of identify {unknown}
 r - a scroll of poison {unknown}
Potions
 f - 2 potions of curing
 i - a potion of heal wounds {unknown}
 n - a potion of ambrosia {unknown}
 p - a potion of berserk rage {unknown}
 q - a potion of degeneration {unknown}
 s - a potion of attraction {unknown}


   Skills:
 + Level 3.7 Fighting
 + Level 3.3 Long Blades
 + Level 2.3 Armour
 + Level 3.2 Dodging
 * Level 2.3 Spellcasting
 * Level 2.3 Conjurations
 * Level 2.3 Hexes
 * Level 2.3 Summonings
 * Level 2.3 Necromancy
 * Level 2.3 Translocations
 * Level 2.3 Fire Magic
 * Level 2.3 Ice Magic
 * Level 2.3 Air Magic
 * Level 2.3 Earth Magic
 * Level 2.3 Alchemy


You knew the following spells:

 Your Spells              Type           Power      Damage    Failure   Level
a - Sting                 Conj/Alch      28%        1d4       12%         1
b - Jinxbite              Hex            14%        N/A       19%         2
Your spell library was empty.

Dungeon Overview and Level Annotations

Branches:
Dungeon (4/15)
 Temple: D:4-7

Altars:

Shops:
D:2 ![=


Innate Abilities, Weirdness & Mutations

You are immune to sickness and miasma.
You are immune to poison.
Your flesh is very heat resistant. (rF++)
You are vulnerable to cold. (rC-)
You float through the air rather than walking.
You learn spells naturally, not from books.
Your magical power is your life essence.
You have superior vitality. (+4 MHP)
You are mostly covered in iridescent scales. (AC +4)
Your skin changes colour to match your surroundings (Stealth+).


Message History

The orc hits you with a +0 war axe. The orc hits you but does no damage.
You hit the orc wizard.
The orc wizard is poisoned.
The orc wizard is moderately wounded.
The hound pauses to sniff the ground.
The orc hits you but does no damage.
The orc wizard hits you with a +0 dagger.
The orc closely misses you. The hobgoblin misses you.
The orc completely misses you.
You feel better. The orc hits you but does no damage.
The orc wizard hits you with a +0 dagger.
The hobgoblin hits you but does no damage.
The orc closely misses you. x2
The orc attacks as it pursues you! The orc barely misses you.
The orc completely misses you.
Things that are here:
a +0 short sword; 2 poisoned darts The orc priest mumbles some strange prayers to Beogh against you.
Beogh smites you!
The hobgoblin attacks as it pursues you!
The hobgoblin hits you.
You hit the orc priest.
The orc priest is caught in a web!
The orc priest is moderately wounded.
The orc priest calls down the wrath of Beogh upon you.
Beogh smites you!
* * * LOW HITPOINT WARNING * * *
The orc priest struggles to get unstuck from the web.
The orc hits you but does no damage.
The hobgoblin hits you but does no damage.
The hound bites you.
* * * LOW HITPOINT WARNING * * *
The orc wizard casts a spell.
The orc wizard flickers and vanishes for a moment.
Xom decides to shift things around a little.
The orc blinks!
The orc priest blinks!
The hound bites you but does no damage. The hound bites you.
* * * LOW HITPOINT WARNING * * *
The orc priest invokes the aid of Beogh against you.
Beogh smites you!
You die...
Xom titters!

##.# ..............#
##.######.......)......#
.#......#.....>....>...#
.'......#.......o......#
#########........og....# ###
### #######o#o.....#
#.###.###.###.#.#ho....#
.#Z#.#Z#.#Z#.#..#.o....#
Z#.#Z#.#Z#.#Z#..@......#
###.###.###.####.......######
# ### ### ####..###+###.....#
#...#.....#.....#
#...#.....'.....#
###.##..###.....#
#######.##..#########
...................
...................


You could see a hound, an orc priest, 2 orc wizards, 2 orcs and a hobgoblin.

Vanquished Creatures
  2 bombardier beetles
  An iguana (D:4)
  An orc wizard (D:4)
  5 adders
  2 dart slugs (D:1)
  3 orcs (D:4)
  8 ball pythons
  4 endoplasms
  A giant cockroach (D:2)
  7 goblins
  A hobgoblin (D:3)
  2 jackals (D:2)
  2 quokkas
  2 bats
  6 frilled lizards
  6 kobolds
  5 rats (D:2)
58 creatures vanquished.

Vanquished Creatures (collateral kills)
  An orc (D:4)
1 creature vanquished.

Vanquished Creatures (others)
  An orc wizard (D:4)
  A kobold (D:4)
  A kobold zombie (D:4)
3 creatures vanquished.

Grand Total: 62 creatures vanquished

Notes
Turn   | Place    | Note
-------+----------+-------------------------------------------
     0 | D:1      | Xavori the Djinni Chaos Knight began the quest for the Orb.
     0 | D:1      | Reached XP level 1. HP: 20/20 MP: 0/0
    48 | D:1      | Reached XP level 2. HP: 15/25 MP: 0/0
   234 | D:1      | Reached XP level 3. HP: 23/30 MP: 0/0
   234 | D:1      | Learned a level 1 spell: Sting
   286 | D:1      | Reached skill level 1 in Spellcasting
   286 | D:1      | Reached skill level 1 in Conjurations
   286 | D:1      | Reached skill level 1 in Hexes
   286 | D:1      | Reached skill level 1 in Summonings
   286 | D:1      | Reached skill level 1 in Necromancy
   286 | D:1      | Reached skill level 1 in Translocations
   286 | D:1      | Reached skill level 1 in Fire Magic
   286 | D:1      | Reached skill level 1 in Ice Magic
   286 | D:1      | Reached skill level 1 in Air Magic
   286 | D:1      | Reached skill level 1 in Earth Magic
   286 | D:1      | Reached skill level 1 in Alchemy
  1292 | D:1      | XOM: silly message
  1710 | D:1      | XOM: give mutations
  1710 | D:1      | Gained mutation: You are partially covered in iridescent
                  | scales. (AC +2) [Xom's grace]
  1710 | D:1      | Gained mutation: Your skin changes colour to match your
                  | surroundings (Stealth+). [Xom's grace]
  1710 | D:1      | Gained mutation: You are mostly covered in iridescent
                  | scales. (AC +4) [Xom's grace]
  1763 | D:2      | Found Sanuig's Armour Shop.
  1815 | D:2      | XOM: cloud trail
  1938 | D:2      | Found Jucw's Jewellery Shop.
  1943 | D:2      | XOM: cleaving
  1949 | D:2      | Reached XP level 4. HP: 35/35 MP: 0/0
  1989 | D:2      | Found Wolid's Distillery.
  2028 | D:2      | Bought a potion of curing for 39 gold pieces
  2435 | D:3      | XOM: divination: detect creatures
  2447 | D:3      | Reached XP level 5. HP: 36/40 MP: 0/0
  2447 | D:3      | Learned a level 2 spell: Jinxbite
  2555 | D:3      | Found a faded altar of an unknown god.
  2591 | D:3      | XOM: god gift: 47 gold pieces
  3235 | D:4      | XOM: divine lightning
  3298 | D:4      | XOM: divination: detect creatures
  3426 | D:4      | Reached XP level 6. HP: 45/47 MP: 0/0
  3560 | D:4      | XOM: blink monster(s)
  3562 | D:4      | Killed from afar by an orc priest

Illustrated notes

Levels and vault maps discovered:
D:1:      psy_arrival_spokes, layout_rooms
D:2:      layout_loops_ring, serial_shops, nicolae_shop_trees,
          nicolae_shop_tiny_statue_garden, shop
D:3:      layout_loops_corners, chequers_ecumenical_altar_island,
          kennysheep_generic_room_6
D:4:      layout_gridville, mainiacjoe_overflow_concentric_impassable,
          mainiacjoe_overflow_catwalk, grunt_decor_resistance

Skill      XL: |  1  2  3  4  5 |
---------------+----------------+-----
Spellcasting   | 1 2 |  2.3
Conjurations   | 1 2 |  2.3
Hexes          | 1 2 |  2.3
Summonings     | 1 2 |  2.3
Necromancy     | 1 2 |  2.3
Translocations | 1 2 |  2.3
Fire Magic     | 1 2 |  2.3
Ice Magic      | 1 2 |  2.3
Air Magic      | 1 2 |  2.3
Earth Magic    | 1 2 |  2.3
Alchemy        | 1 2 |  2.3
Long Blades    | 3 |  3.3
Armour         | 2 |  2.3
Dodging        | 3 |  3.2
Fighting       | |  3.7

Action                     |  1- 3 |  4- 6 || total
---------------------------+-------+-------++-------
  Melee: Falchion          |    82 |   106 ||   188
    Use: Potion            |       |     1 ||     1
   Stab: Paralysed         |     1 |       ||     1
         Sleeping          |     1 |     3 ||     4
         Distracted        |     1 |     1 ||     2
 Armour: Leather armour    |    87 |   102 ||   189
  Dodge: Dodged            |    78 |    68 ||   146

Table legend: (Time is in decaauts)
 A = Elapsed time spent in this place.
 B = Non-inter-level travel time spent in this place.
 C = Inter-level travel time spent in this place.
 D = Time resting spent in this place.
 E = Time spent auto-exploring this place.
 F = Levels seen in this place.
 G = Mean time per level.
                   A        B        C        D        E       F      G
               +--------+--------+--------+--------+--------+-----+--------+
         Total |   3589 |   3544 |     45 |   1206 |   1888 |   4 |  897.2 |
       Dungeon |   3589 |   3544 |     45 |   1206 |   1888 |   4 |  897.2 |
               +--------+--------+--------+--------+--------+-----+--------+

Top non-repeatable levels by time:
     D:1: 1720 daAuts
     D:3: 826 daAuts
     D:2: 706 daAuts
     D:4: 336 daAuts
